 Dungeon Crawl Stone Soup version 0.30-a0-824-g6c64550be9 (webtiles) character file.

Game seed: 8874148571709167022

51 cforsyth the Sneak (level 4, -2/27 HPs)
             Began as a Kobold Brigand on Feb 28, 2023.
             Slain by a gnoll
             ... wielding a +0 flail
              (6 damage)
             ... on level 2 of the Dungeon.
             The game lasted 00:00:54 (1161 turns).

cforsyth the Sneak (Kobold Brigand)                 Turns: 1161, Time: 00:00:55

Health: -2/27      AC:  3    Str:  8    XL:     4   Next: 7%
Magic:  4/4        EV: 15    Int: 12    God:
Gold:   106        SH:  0    Dex: 18    Spells: 3/3 levels left

rFire   . . .      SeeInvis .    a - +2 dagger
rCold   . . .      Faith    .    (no shield)
rNeg    . . .      Spirit   .    b - +0 robe
rPois   .          Reflect  .    (no helmet)
rElec   .          Harm     .    c - +0 cloak
rCorr   .          Rampage  .    (no gloves)
Will    .....                    (no boots)
Stlth   ++++                     (no amulet)
HPRegen 0.24/turn                (no ring)
MPRegen 0.09/turn                (no ring)

@: no status effects
A: small, no large weapons, nightstalker 3
a: no special abilities


You were on level 2 of the Dungeon.
You visited 1 branch of the dungeon, and saw 2 of its levels.

You collected 106 gold pieces.

Inventory:

Hand Weapons
 a - a +2 dagger (weapon)
Missiles
 d - 9 poisoned darts (quivered)
 e - 3 curare-tipped darts
 n - 2 atropa-tipped darts
Armour
 b - a +0 robe (worn)
 c - a +0 cloak (worn)
Scrolls
 f - 2 scrolls of identify {unknown}
 g - a scroll of immolation {unknown}
 h - a scroll of vulnerability {unknown}
 i - a scroll of magic mapping {unknown}
 j - 2 scrolls of amnesia {unknown}
 m - a scroll of teleportation {unknown}
Potions
 k - a potion of curing {unknown}
 l - a potion of attraction {unknown}


   Skills:
 + Level 2.9 Fighting
 + Level 3.5 Short Blades
 - Level 2.1 Throwing
 + Level 2.3 Dodging
 + Level 5.9 Stealth


You had 3 spell levels left.
You didn't know any spells.
Your spell library contained the following spells:

 Spells                   Type           Power      Damage    Failure   Level
 Apportation              Tloc           0%         N/A       32%         1
 Alistair's Intoxication  Tmut/Pois      0%         N/A       100%        5


Dungeon Overview and Level Annotations

Branches:
Dungeon (2/15)

Altars:


Innate Abilities, Weirdness & Mutations

You are small and have problems with some larger weapons.
You are completely attuned to the shadows.


Message History

No target in view!
You now have 106 gold pieces (gained 8).
m - a scroll labelled QASTIT DOBRUTSO No target in view!
No target in view!
No target in view!
n - 2 atropa-tipped darts An adder comes into view.
An adder is nearby!
An adder is nearby!
Found a clear potion.
A gnoll comes into view. It is wielding a +0 spear.
Found a pink potion.
The helpless adder fails to defend itself.
You stick the adder like a pincushion!!!
You kill the adder!
You have reached level 4!
A gnoll comes into view. It is wielding a +0 flail.
The gnoll shouts!
You hear a shout!
A gnoll comes into view. It is wielding a +0 whip.
The gnoll throws a throwing net.
The throwing net misses you.
A gnoll comes into view. It is wielding a +0 flail.
The gnoll shouts!
The gnoll misses you.
The gnoll throws a throwing net.
The throwing net hits you.
You become entangled in the net!
You see here a throwing net.
You struggle against the net.
The gnoll barely misses you. x2
The gnoll hits you with a +0 whip!
You struggle against the net.
The gnoll barely misses you.
The gnoll hits you from afar with a +0 spear.
You struggle against the net.
The gnoll closely misses you. The gnoll hits you with a +0 flail.
You rip the net and break free!
The gnoll barely misses you. The gnoll closely misses you.
The gnoll hits you with a +0 flail. The gnoll hits you with a +0 whip.
* * * LOW HITPOINT WARNING * * *
You see here a throwing net.
The gnoll attacks as you move away! The gnoll hits you with a +0 flail.
You die...

#.......# #.......#
..# #.......# #.#
#.....!.+ .#.#
#.......# ##.#..
#..g....# #.##..
#.gg....#.# ##.#..#
#!@g#####.# #....##
##.## #.###..#..#
####.######.##...##..
#...............#.#..
#..########.###.#.#)#
#..8#.........#.#.#.#
#..###....##.##.#...#
#..###....##..#.##..#
#..##.....##....###..


You could see 4 gnolls.

Vanquished Creatures
  3 adders (D:2)
  A ball python (D:2)
  3 endoplasms
  3 giant cockroaches
  6 goblins
  3 hobgoblins
  A quokka (D:2)
  A frilled lizard (D:1)
  A kobold (D:1)
22 creatures vanquished.

Notes
Turn   | Place    | Note
-------+----------+-------------------------------------------
     0 | D:1      | cforsyth the Kobold Brigand began the quest for the Orb.
     0 | D:1      | Reached XP level 1. HP: 12/12 MP: 1/1
   290 | D:1      | Reached XP level 2. HP: 18/18 MP: 2/2
   880 | D:2      | Reached XP level 3. HP: 13/22 MP: 3/3
  1151 | D:2      | Reached XP level 4. HP: 27/27 MP: 4/4
  1161 | D:2      | Slain by a gnoll

Illustrated notes

Levels and vault maps discovered:
D:1:      dpeg_arrival_connections, layout_basic, minmay_misc_feat_iff
D:2:      wad_crossroads, layout_basic, basic_ecumenical_altar,
          serial_corexii_hall, chequers_hall_statues_wall_a,
          corexii_hall_statues_s, chequers_hall_statues_wall_a,
          minmay_goblin_kobold_house

Skill      XL: |  1  2  3 |
---------------+----------+-----
Short Blades   | 3 |  3.5
Dodging        | 2 |  2.3
Fighting       | |  2.9
Throwing       | |  2.1
Stealth        | |  5.9

Action                     |  1- 3 |  4- 6 || total
---------------------------+-------+-------++-------
  Melee: Dagger            |    60 |       ||    60
   Stab: Sleeping          |    12 |       ||    12
 Armour: Robe              |     7 |       ||     7
  Dodge: Dodged            |    34 |     8 ||    42

Table legend: (Time is in decaauts)
 A = Elapsed time spent in this place.
 B = Non-inter-level travel time spent in this place.
 C = Inter-level travel time spent in this place.
 D = Time resting spent in this place.
 E = Time spent auto-exploring this place.
 F = Levels seen in this place.
 G = Mean time per level.
                   A        B        C        D        E       F      G
               +--------+--------+--------+--------+--------+-----+--------+
         Total |   1150 |   1088 |     62 |      0 |    944 |   2 |  575.0 |
       Dungeon |   1150 |   1088 |     62 |      0 |    944 |   2 |  575.0 |
               +--------+--------+--------+--------+--------+-----+--------+

Top non-repeatable levels by time:
     D:1: 785 daAuts
     D:2: 365 daAuts
